 Dungeon Crawl Stone Soup version 0.23.0 (webtiles) character file.

Game seed: 625890182060202885

58 Laan the Firebug (level 3, 0/19 HPs)
             Began as a Deep Elf Fire Elementalist on Feb 11, 2019.
             Slain by an orc warrior
             ... wielding a +0 mace
              (19 damage)
             ... on level 2 of the Dungeon.
             The game lasted 00:04:57 (1650 turns).

Laan the Firebug (Deep Elf Fire Elementalist)       Turns: 1650, Time: 00:04:57

Health: 0/19       AC:  4    Str:  5    XL:     3   Next: 76%
Magic:  5/10       EV: 13    Int: 20    God:
Gold:   132        SH:  0    Dex: 15    Spells: 5/9 levels left

rFire    . . .     SeeInvis .   j - +0 dagger
rCold    . . .     Gourm    .   (no shield)
rNeg     . . .     Faith    .   a - +0 robe
rPois    .         Spirit   .   l - +1 helmet
rElec    .         Reflect  .   (no cloak)
rCorr    .         Harm     .   (no gloves)
MR       .....                  (no boots)
Stlth    ++........             (no amulet)
HPRegen  0.06/turn              (no ring)
MPRegen  0.12/turn              (no ring)

@: no status effects
A: no striking features
a: no special abilities


You were on level 2 of the Dungeon.
You were not hungry.

You visited 1 branch of the dungeon, and saw 3 of its levels.

You collected 132 gold pieces.

Inventory:

Hand Weapons
 j - a +0 dagger (weapon)
Armour
 a - a +0 robe (worn)
 l - a +1 helmet (worn)
Scrolls
 b - a scroll of enchant armour {unknown}
 e - a scroll of fog {unknown}
 g - 2 scrolls of teleportation {unknown}
 k - 2 scrolls of immolation {unknown}
 m - 2 scrolls of remove curse {unknown}
 r - a scroll of identify {unknown}
Potions
 d - 2 potions of curing {unknown}
 f - a potion of heal wounds {unknown}
 h - 2 potions of berserk rage {unknown}
 i - a potion of mutation {unknown}
 n - 2 potions of cancellation {unknown}
 o - a potion of invisibility {unknown}
 p - a potion of haste {unknown}
Comestibles
 c - 6 rations
 q - 2 chunks of flesh


   Skills:
 - Level 2.4 Dodging
 - Level 2.4 Stealth
 + Level 3.8 Spellcasting
 * Level 3.0 Conjurations
 + Level 3.8 Fire Magic


You had 5 spell levels left.
You knew the following spells:

 Your Spells              Type           Power        Failure   Level  Hunger
a - Flame Tongue          Conj/Fire      ###..        3%          1    None
b - Conjure Flame         Conj/Fire      ###.....     10%         3    ###....

Your spell library contained the following spells:

 Spells                   Type           Power        Failure   Level  Hunger
 Throw Flame              Conj/Fire      ###...       4%          2    ##.....
 Inner Flame              Hex/Fire       ##......     19%         3    ###....
 Sticky Flame             Conj/Fire      ###.....     32%         4    ####...
 Fireball                 Conj/Fire      ###.......   65%         5    ######.


Dungeon Overview and Level Annotations

Branches:
Dungeon (3/15)

Altars:


Message History

Casting: Flame Tongue (safe; 3% risk of failure)
Confirm with . or Enter, or press ? or * to list all spells.
Aiming: Flame Tongue (safe; 3% risk of failure)
Press: ? - help, Shift-Dir - straight line, f - orc warrior
Aim: an orc warrior, wielding a +0 mace and wearing a +0 plate armour The flame tongue hits the orc warrior but does no damage.
An orc comes into view. It is wielding a +0 club.
The orc warrior barely misses you.
You climb upwards.
There is a stone staircase leading down here.
Casting: Flame Tongue (safe; 3% risk of failure)
Confirm with . or Enter, or press ? or * to list all spells.
Aiming: Flame Tongue (safe; 3% risk of failure)
Press: ? - help, Shift-Dir - straight line, f - orc warrior
Aim: an orc warrior, wielding a +0 mace and wearing a +0 plate armour The flame tongue hits the orc warrior!
The orc warrior is moderately wounded.
The orc warrior hits you with a +0 mace!!
Ouch! That really hurt!
You die...

#.##.# #...#.# #.####### .....#
###..#.# #.#<..# ...### #....#.#
#.....# .<.# #....#.# #####...##
.#.# #..(...# #........## .#.#
#...#..####.##......#
.#+########........##.#....#..###
..........#.....o..#....#.....#.#
..........#.....@..#..#....#....#
..........###.######..###..##.#.#
#.........###.# #..........#.#
+.........'...# ##.#########.#
#.........##### #...........#
########### #############


You could see an orc warrior.

Vanquished Creatures
  An adder (D:2)
  A worm (D:2)
  4 dart slugs
  3 leopard geckos
  2 orcs (D:3)
  2 giant cockroaches
  5 goblins
  2 hobgoblins
  3 jackals (D:1)
  5 bats
  2 frilled lizards
  A kobold (D:2)
31 creatures vanquished.

Notes
Turn   | Place    | Note
-------+----------+-------------------------------------------
     0 | D:1      | Laan the Deep Elf Fire Elementalist began the quest for the
                  | Orb.
     0 | D:1      | Reached XP level 1. HP: 10/10 MP: 6/6
   291 | D:1      | Reached XP level 2. HP: 11/15 MP: 6/8
  1162 | D:2      | Reached XP level 3. HP: 19/19 MP: 8/10
  1197 | D:2      | Learned a level 3 spell: Conjure Flame
  1638 | D:3      | Noticed an orc warrior
  1650 | D:2      | Slain by an orc warrior

Skill      XL: |  1  2  3 |
---------------+----------+-----
Conjurations   | 2 3 |  3.0
Dodging        | |  2.4
Stealth        | |  2.4
Spellcasting   | |  3.8
Fire Magic     | |  3.8

Action                   || total
-------------------------++-------
 Cast: Flame Tongue      ||    56
  Eat: Chunk             ||     2
Armor: Robe              ||     1
Dodge: Dodged            ||     4
